Map: Dusk Towers

Players

trophyboy

  • Race: Terran Terran

YoshI

  • Race: Terran Terran
  • League: Master

jinjinn

  • Race: Protoss Protoss
  • League: Master

Mykal

  • Race: Protoss Protoss
  • League: Master

VOD

Have the link to the VOD?

Description

Time

  • Played on: Dec. 4, 2015, 1:56 a.m.
  • Length: 8:14
Show
View Real Time Build Order
Export as new Build Order

trophyboy Terran 

Build Orders:  

Get SALT Encoding   

  12  0:01  SCV  
  13  0:13  SCV  
  14  0:18  Supply Depot  
  14  0:25  SCV  
  15  0:40  SCV  
  16  0:45  Barracks  
  16  0:52  SCV, Refinery  
  17  1:04  SCV  
  17  1:09  Refinery  
  18  1:16  SCV  
  19  1:28  SCV  
  19  1:32  Marine  
  20  1:36  Supply Depot  
  21  1:40  Orbital Command  
  21  1:52  Marine  
  22  1:59  Bunker  
  22  2:06  SCV, Factory  
  23  2:11  Marine  
  24  2:19  SCV  
  25  2:34  Barracks Tech Lab  
  25  2:35  SCV  
  26  2:42  Supply Depot  
  26  2:48  SCV  
  27  2:51  Armory  
  27  2:52  Widow Mine  
  29  2:59  Barracks Reactor  
  29  3:00  SCV  
  29  3:01  Factory  
  30  3:07  Supply Depot  
  30  3:13  SCV  
  31  3:25  SCV  
  32  3:31  Supply Depot  
  32  3:42  Thor  
  32  3:44  SCV  
  39  3:50  Widow Mine x2  
  43  3:57  SCV  
  43  4:00  Supply Depot  
  44  4:09  SCV  
  45  4:18  Widow Mine  
  45  4:19  Widow Mine  
  50  4:24  SCV  
  50  4:25  Siege Tank  
  50  4:28  Supply Depot, Terran Vehicle And Ship Armor Level 1  
  53  4:47  Widow Mine x2  
  53  4:50  SCV  
  58  4:53  Supply Depot  
  58  5:03  Thor  
  64  5:16  Hellion  
  64  5:17  Hellion  
  68  5:23  Command Center  
  66  5:51  Thor, Widow Mine  
  66  5:53  Widow Mine  
  76  5:58  Supply Depot  
  74  6:19  SCV  
  74  6:21  Hellion  
  74  6:22  Hellion  
  74  6:25  Barracks x2  
  72  6:49  Thor  
  72  6:50  Hellion x2  
  80  6:57  Engineering Bay  
  78  7:09  SCV  
  78  7:10  Supply Depot  
  78  7:12  Hellion  
  77  7:24  Marine  
  77  7:25  Marine  
  77  7:26  Missile Turret  
  77  7:42  Marine x2  
  79  7:44  Orbital Command  
Show
View Real Time Build Order
Export as new Build Order

YoshI Terran 

Build Orders:  

Get SALT Encoding   

  12  0:01  Probe (Chrono Boost)  
  13  0:11  Probe (Chrono Boost)  
  14  0:18  Pylon  
  14  0:22  Probe (Chrono Boost)  
  15  0:36  Probe (Chrono Boost)  
  15  0:42  Gateway  
  16  0:46  Probe (Chrono Boost), Assimilator  
  18  0:57  Probe (Chrono Boost)  
  18  1:00  Pylon  
  18  1:09  Gateway  
  18  1:13  Probe (Chrono Boost)  
  19  1:24  Probe (Chrono Boost)  
  20  1:29  Cybernetics Core  
  20  1:34  Probe (Chrono Boost)  
  21  1:55  Nexus  
  21  2:06  Warp Gate  
  21  2:08  Adept (Chrono Boost)  
  25  2:09  Adept (Chrono Boost)  
  25  2:21  Probe  
  26  2:24  Assimilator  
  26  2:45  Mothership Core  
  28  2:54  Pylon  
  28  2:59  Gateway  
  28  3:00  Gateway  
  28  3:06  Probe (Chrono Boost)  
  28  3:12  Probe (Chrono Boost)  
  30  3:15  Twilight Council  
  30  3:17  Probe (Chrono Boost)  
  31  3:22  Probe (Chrono Boost)  
  32  3:27  Probe (Chrono Boost)  
  32  3:33  Probe (Chrono Boost)  
  34  3:38  Probe (Chrono Boost)  
  34  3:40  Gateway  
  35  3:43  Probe (Chrono Boost)  
  37  3:48  Probe (Chrono Boost)  
  37  3:49  Pylon  
  37  3:52  Blink (Chrono Boost)  
  37  3:54  Probe  
  38  4:03  Assimilator  
  38  4:13  Gateway  
  38  4:19  Gateway  
  38  4:21  Probe  
  38  4:22  Stalker  
  41  4:32  Probe, Forge  
  41  4:34  Probe  
  43  4:44  Robotics Facility  
  43  4:46  Probe  
  43  4:47  Probe  
  43  4:51  Stalker  
  47  5:05  Probe  
  47  5:06  Probe  
  49  5:18  Pylon  
  49  5:19  Stalker x3  
  49  5:21  Photon Cannon  
  55  5:24  Stalker  
  57  5:32  Observer (Chrono Boost)  
  58  5:37  Photon Cannon  
  58  5:46  Stalker x2  
  58  5:48  Stalker  
  62  6:01  Stalker  
  62  6:02  Stalker x2  
  66  6:06  Observer (Chrono Boost)  
  66  6:08  Stalker  
  69  6:22  Pylon  
  69  6:23  Pylon  
  69  6:31  Stalker  
  69  6:32  Stalker x3  
  61  6:42  Stalker x3  
  63  6:57  Stalker  
  63  6:58  Stalker x2  
  63  7:10  Stalker  
  63  7:11  Stalker x2  
  63  7:12  Stalker  
  63  7:23  Stalker x2  
  65  7:32  Stalker  
  65  7:34  Stalker  
  63  7:41  Stalker  
  60  7:49  Stalker  
  60  7:51  Zealot x2  
  58  8:00  Stalker  
Show
View Real Time Build Order
Export as new Build Order

jinjinn Protoss 

Build Orders:  

Get SALT Encoding   

Show
View Real Time Build Order
Export as new Build Order

Mykal Protoss 

Build Orders:  

Get SALT Encoding   

Tags
 
Add a new tag
Caveats
  • Supply blocks, unpowered buildings, or Contaminate may cause inaccurate times.
  • Supply counts are checked every 10 seconds.